 Dungeon Crawl Stone Soup version 0.30.0-29-ga12c61a403 (webtiles) character file.

Game seed: 17027826530460842172

212671 thromnambular the Fencer (level 18, -3/155 HPs)
             Began as a Pale Draconian Hedge Wizard on June 18, 2023.
             Was a High Priest of Vehumet.
             Slain by a nagaraja
             ... wielding a +0 halberd
              (19 damage)
             ... on level 4 of the Snake Pit on June 19, 2023.
             The game lasted 02:01:18 (32858 turns).

thromnambular the Fencer (DrHW)                    Turns: 32858, Time: 02:01:18

Health: -3/155     AC: 15    Str: 14    XL:     18   Next: 62%
Magic:  17/32      EV: 15    Int: 19    God:    Vehumet [*****.]
Gold:   1941       SH:  0    Dex: 13    Spells: 0/37 levels left

rFire   + . .        G - +3 triple sword (freeze)
rCold   + . .        (shield currently unavailable)
rNeg    + . .        (body armour unavailable)
rPois   +            Y - +2 hat
rElec   .            I - scarf {rC+ rF+}
rCorr   .            (no gloves)
SInv    +            F - +2 pair of boots {Stlth+}
Will    +....        P - amulet "Tob Kiqa" {rN+ Regen+}
Stlth   +++++        f - +4 ring of slaying
HPRegen 1.25/turn    E - ring of Vuumi {Drain rPois SInv Stlth+}
MPRegen 0.23/turn

%: no passive effects
@: lethally poisoned (-3 -> -4), constricted
A: breathe steam, AC +10, unfitting armour, cold-blooded, steam resistance
a: Breathe Steam, Renounce Religion


You were on level 4 of the Snake Pit.
You worshipped Vehumet.
Vehumet was extremely pleased with you.
You visited 4 branches of the dungeon, and saw 25 of its levels.
You also visited: Bailey, Gauntlet and Ice Cave.

You collected 2900 gold pieces.
You spent 959 gold pieces at shops.

Inventory:

Hand Weapons
 a - a +9 great sword
 b - the +6 arbalest "Damnation" {damnation}
   (You found it in a Gauntlet)
 u - a +2 dagger of flaming
 y - a +1 scimitar of flaming
 G - a +3 triple sword of freezing (weapon)
Missiles
 m - 4 throwing nets
 r - 16 curare-tipped darts
Armour
 F - a +2 pair of boots of stealth (worn)
 I - a scarf of resistance (worn)
 J - a +2 cloak
 Y - a +2 hat (worn)
Magical Staves
 g - the staff of cold "Muntuy" {rElec rPois rF+ rC+ rN++ Will-}
   (You found it in an ice cave)

   [staff of cold]

   Base accuracy: +5 Base damage: 5 Base attack delay: 1.2 This weapon's minimum
   attack delay (0.6) is reached at skill level 12.
   rF:        It protects you from fire.
   rC:        It protects you from cold.
   rElec:     It insulates you from electricity.
   rPois:     It protects you from poison.
   rN:        It greatly protects you from negative energy.
   Will:      It decreases your willpower.
   It falls into the 'Staves' category.
   It is a one-handed weapon.
Jewellery
 f - a +4 ring of slaying (left hand)
 l - the ring "Plog" {rC+ MP+9 Dex+2}
   (You took it off a minotaur in a Gauntlet)

   [ring of protection from cold]

   Dex:       It affects your dexterity (+2).
   rC:        It protects you from cold.
   MP:        It affects your magic capacity (+9).
 q - a ring of fire
 v - a +5 ring of evasion
 w - the amulet "Teotul" {Spirit +Inv}
   (You took it off a draconian knight in an ice cave)

   [amulet of guardian spirit]

   It causes incoming damage to be divided between your reserves of health and
   magic.
   +Inv:      It lets you turn invisible.
 E - the ring of Vuumi (right hand) {Drain rPois SInv Stlth+}
   (You acquired it on level 3 of the Dungeon)

   [ring of poison resistance]

   rPois:     It protects you from poison.
   SInv:      It lets you see invisible.
   Drain:     It drains your maximum health when unequipped.
   Stlth:     It makes you more stealthy.
 H - an amulet of reflection
 P - the amulet "Tob Kiqa" (around neck) {rN+ Regen+}
   (You acquired it on level 2 of the Lair of Beasts)

   [amulet of regeneration]

   rN:        It protects you from negative energy.
   Regen:     It increases your rate of health regeneration.
 S - a ring of willpower
 V - an amulet of reflection
Wands
 j - a wand of flame (39)
 s - a wand of charming (32)
 O - a wand of mindburst (10)
 R - a wand of roots (16)
 U - a wand of digging (2)
Scrolls
 h - 5 scrolls of teleportation
 n - a scroll of torment
 o - 6 scrolls of fog
 x - a scroll of magic mapping
 B - 9 scrolls of identify
 C - 4 scrolls of vulnerability
 L - a scroll of silence
 X - a scroll of summoning
Potions
 c - 3 potions of magic
 d - 2 potions of flight
 i - 3 potions of curing
 p - 7 potions of haste
 t - a potion of might
 z - 8 potions of lignification
 A - 3 potions of brilliance
 D - 3 potions of mutation
 K - 3 potions of ambrosia
 M - 2 potions of berserk rage
 N - 4 potions of heal wounds
 Q - a potion of attraction
 T - a potion of cancellation
 Z - a potion of resistance
Miscellaneous
 k - a lightning rod (4/4)
 W - a phantom mirror


   Skills:
 + Level 12.3 Fighting
 - Level 6.3(12.2) Short Blades
 + Level 16.2(16.6) Long Blades
 - Level 14.6 Dodging
 - Level 7.0 Stealth
 - Level 10.0 Spellcasting
 - Level 5.7 Conjurations
 - Level 1.0 Summonings
 - Level 4.0 Translocations
 - Level 6.2 Fire Magic
 - Level 5.2 Ice Magic
 + Level 11.8 Air Magic


You couldn't memorise any spells.
You knew the following spells:

 Your Spells              Type           Power      Damage    Failure   Level
a - Arcjolt               Conj/Air       21%        1d31      1%          5
b - Call Imp              Summ           26%        N/A       8%          2
c - Blink                 Tloc           48%        N/A       2%          2
d - Mephitic Cloud        Conj/Pois/Air  31%        N/A       1%          3
e - Swiftness             Air            53%        N/A       1%          3
f - Shock                 Conj/Air       100%       1d9       1%          1
g - Airstrike             Air            26%        2d(4-20)  1%          4
h - Fireball              Conj/Fire      16%        3d8       4%          5
i - Freezing Cloud        Conj/Ice/Air   19%        6-21      2%          5
j - Conjure Ball Lightni  Conj/Air       21%        3x3d6     9%          6
A - Apportation           Tloc           48%        N/A       1%          1

Your spell library contained the following spells:

 Spells                   Type           Power      Damage    Failure   Level
 Spellforged Servitor     Conj/Summ      11%        N/A       97%         7
 Kiss of Death            Conj/Necr      80%        2d11      1%          1
 Magic Dart               Conj           100%       1d8       1%          1
 Poisonous Vapours        Pois/Air       62%        N/A       1%          2
 Scorch                   Fire           66%        2d8       1%          2
 Dazzling Flash           Conj/Hex       40%        N/A       1%          3
 Frozen Ramparts          Ice            58%        1d9       1%          3
 Hailstorm                Conj/Ice       30%        3d8       1%          3
 Flame Wave               Conj/Fire      32%        2d9       1%          4
 Sticky Flame             Conj/Fire      32%        2d5       1%          4
 Cigotuvi's Dreadful Rot  Necr/Pois/Air  48%        N/A       2%          2
 Ignite Poison            Fire/Tmut/Pois 17%        N/A       2%          3
 Ozocubu's Armour         Ice            29%        N/A       2%          3
 Iskenderun's Mystic Bla  Conj/Tloc      28%        2d7       2%          4
 Summon Small Mammal      Summ           52%        N/A       4%          1
 Iskenderun's Battlesphe  Conj           31%        2d8       5%          5
 Necrotise                Necr           36%        1d5       8%          1
 Slow                     Hex            36%        N/A       8%          1
 Sting                    Tmut/Pois      36%        1d4       8%          1
 Portal Projectile        Hex/Tloc       34%        N/A       10%         3
 Call Canine Familiar     Summ           13%        N/A       14%         3
 Manifold Assault         Tloc           24%        N/A       14%         4
 Olgreb's Toxic Radiance  Pois           9%         N/A       19%         4
 Silence                  Hex/Air        15%        N/A       19%         5
 Summon Ice Beast         Ice/Summ       21%        N/A       21%         4
 Confusing Touch          Hex            9%         N/A       22%         3
 Ice Form                 Ice/Tmut       19%        N/A       26%         4
 Lee's Rapid Deconstruct  Erth           4%         3d5*      45%         5
 Metabolic Englaciation   Hex/Ice        9%         N/A       56%         5
 Dispel Undead            Necr           9%         3d8       58%         4
 Leda's Liquefaction      Hex/Erth       4%         N/A       58%         4
 Orb of Destruction       Conj           15%        9d7       80%         7
 Agony                    Necr           9%         N/A       90%         5
 Simulacrum               Ice/Necr       9%         N/A       98%         6
 Storm Form               Tmut/Air       15%        N/A       99%         7
 Statue Form              Tmut/Erth      6%         N/A       100%        6
 Summon Cactus Giant      Summ           6%         N/A       100%        6
 Monstrous Menagerie      Summ           6%         N/A       100%        7
 Ignition                 Fire           16%        3d7       100%        8


Dungeon Overview and Level Annotations

Branches:
Dungeon (15/15)            Temple (1/1) D:5            Lair (5/5) D:11
  Swamp (0/4) Lair:2        Snake (4/4) Lair:3        Slime (0/5) Lair:5
    Orc (0/2) D:12         Vaults (0/5) D:14         Depths (0/4) D:15
 Bailey (visited)           IceCv (visited)         Gauntlet (visited)

Altars:
Ashenzari
Cheibriados
Dithmenos
Elyvilon
Fedhas
Gozag
Hepliaklqana
Kikubaaqudgha
Makhleb
Nemelex Xobeh
Okawaru
Qazlal
Ru
Sif Muna
Trog
Uskayaw
Vehumet
Wu Jian
Xom
Yredelemnul
Zin
The Shining One
Jiyva

Shops:
D:3 ?(:   D:4 *

Annotations:
D:3 2 transporters, ionbeam3's ghost, amateur HOCA
D:14 3 runed translucent doors, alvan145's ghost, journeyman HOFi
Lair:4 1 runed translucent door, Fifowuza's ghost, journeyman DrTm


Innate Abilities, Weirdness & Mutations

You can breathe blasts of scalding, opaque steam.
Your pale cyan-grey scales are hard. (AC +10)
You cannot fit into any form of body armour.
You are cold-blooded and may be slowed by cold attacks.
You are immune to the effects of steam.


Message History

You are poisoned.
You resist. The nagaraja closely misses you.
A naga sharpshooter comes into view. It is wielding a +1 heavy war axe.
The naga closely misses you. The naga grabs you. The naga constricts you.
The salamander hits you with a +3 heavy trident!
You are engulfed in flames.
You resist.
The naga sharpshooter is engulfed in freezing vapours.
The salamander mystic is engulfed in freezing vapours.
The salamander mystic hits you but does no damage.
The salamander is engulfed in freezing vapours.
The salamander hits you from afar with a +0 glaive.
You are engulfed in flames.
You resist. The naga closely misses you.
A naga comes into view. It is wielding a +0 short sword.
The naga mage mumbles some strange words.
The naga mage seems to speed up.
The naga sharpshooter is engulfed in freezing vapours.
As you read the scroll of fear, it crumbles to dust.
You assume a fearsome visage.
The naga mage looks frightened!
The salamander looks frightened!
The naga looks frightened!
The naga sharpshooter looks frightened!
The salamander easily resists.
The salamander mystic easily resists.
The naga sharpshooter resists with almost no effort.
The naga looks frightened!
The naga sharpshooter resists with some effort.
The naga sharpshooter looks frightened!
The naga warrior easily resists.
The naga looks frightened! x3
The nagaraja resists with almost no effort.
You feel sick.
The nagaraja hits you from afar with a +0 halberd.
The naga warrior hits you but does no damage.
The naga sharpshooter is engulfed in freezing vapours.
The salamander mystic is engulfed in freezing vapours.
The salamander mystic casts a spell at you.
The lance of force hits you!!
* * * LOW HITPOINT WARNING * * *
You are knocked back by the lance of force.
You slam into the rock wall!
* * * LOW HITPOINT WARNING * * *
The nagaraja hits you from afar with a +0 halberd!!
You die...

.# ...## .###
## N..§# #§§.
N. # ...§§#
#§☼. ...
..#§§§# ##§§
#.N.
.§§##§N###§N..
N§§§.§§§§.#
#N○NN§○#
#.NNN☼#
###@N.#
##......#
#N.###. ###


You could see a nagaraja (fast), a naga warrior (catching breath), 3 naga
sharpshooters, a salamander mystic (strong), 2 salamanders and 5 nagas.

Vanquished Creatures
  Rupert (Lair:5)
  Agnes (Snake:2)
  A nagaraja (Snake:3)
  Kirke (D:13)
  A draconian knight (IceCv)
  A juggernaut skeleton (D:15)
  A minotaur (Gauntlet)
  5 white draconians (IceCv)
  2 fire dragons
  Harold (D:9)
  8 hydras
  A great orb of eyes (Gauntlet)
  A vault guard (D:14)
  3 anacondas
  6 centaur warriors
  11 boulder beetles
  11 death yaks
  5 two-headed ogres
  3 naga warriors
  A tengu warrior (D:14)
  A hell hog (Gauntlet)
  8 naga sharpshooters
  Sonja (Lair:5)
  Amaemon (D:9)
  A shock serpent (Snake:3)
  Nergalle (D:11)
  2 fire crabs
  A swamp dragon (Lair:2)
  2 skysharks
  A skeletal warrior (D:15)
  A flayed ghost (D:15)
  2 wizards
  3 naga ritualists
  An orange crystal statue (IceCv)
  A necromancer (D:15)
  A lindwurm (Lair:5)
  A deep elf pyromancer (D:15)
  A tengu zombie (D:15)
  12 ugly things
  6 salamanders
  An orc knight (D:15)
  8 mana vipers
  8 cyclopes
  A stone giant zombie (D:15)
  A moth of wrath (Gauntlet)
  24 elephants
  8 manticores
  Maurice (D:9)
  2 guardian serpents
  26 black mambas
  A molten gargoyle (Lair:2)
  A gargoyle (D:6)
  8 naga magi
  5 orange demons
  5 storm dragon simulacra (IceCv)
  23 cane toads
  4 rime drakes
  An efreet (D:14)
  A guardian mummy (D:15)
  A spriggan zombie (D:15)
  8 komodo dragons
  3 kobold demonologists (D:12)
  2 tengu conjurers
  A yaktaur (D:13)
  4 golden dragon simulacra (IceCv)
  2 trolls
  A meliai (shapeshifter) (D:14)
  2 tyrant leeches (Lair:5)
  A tyrant leech (shapeshifter) (D:13)
  34 blink frogs
  2 polar bears
  11 dream sheep
  Sigmund (D:2)
  6 slime creatures
  3 shadows
  2 spriggans (Bailey)
  46 yaks
  9 fire bats (Gauntlet)
  3 wyverns
  4 wraiths
  5 basilisks
  A fire elemental (Lair:2)
  2 steam dragons
  6 vampire mosquitoes
  4 acid dragons
  21 nagas
  2 swamp worms (D:9)
  20 water moccasins
  3 hell hounds (Gauntlet)
  An ice beast (D:8)
  6 orc warriors
  3 black bears
  8 ogres
  2 sky beasts
  3 ice dragon simulacra (IceCv)
  18 wolves
  12 centaurs
  6 kobold brigands
  11 bullfrogs
  9 scorpions
  16 wights
  3 killer bees (D:8)
  9 lindwurm simulacra (IceCv)
  5 electric eels
  4 howler monkeys
  3 centaur zombies (D:7)
  A bullfrog zombie (D:7)
  8 orc priests
  5 hounds
  2 sleepcaps
  3 jellies
  6 iguanas
  12 orc wizards
  Terence (D:2)
  11 hell rats
  A statue (D:6)
  Robin (D:2)
  A howler monkey zombie (D:7)
  6 adders
  16 gnolls
  4 river rats (Lair:5)
  3 shadow imps (Gauntlet)
  3 white imps
  4 dart slugs
  39 orcs
  3 endoplasms (D:1)
  3 giant cockroaches
  12 hobgoblins
  8 jackals
  28 kobolds
  2 quokkas (D:1)
  6 ball pythons
  4 bats
  3 frilled lizards
  20 goblins
  14 rats
801 creatures vanquished.

Vanquished Creatures (collateral kills)
  Nessos (D:13)
  An ogre (Bailey)
  A wight (D:7)
  A ball lightning (Snake:4)
4 creatures vanquished.

Vanquished Creatures (others)
  21 ball lightnings
21 creatures vanquished.

Grand Total: 826 creatures vanquished

Notes
Turn   | Place    | Note
-------+----------+-------------------------------------------
     0 | D:1      | thromnambular the Draconian Hedge Wizard began the quest
                  | for the Orb.
     0 | D:1      | Reached XP level 1. HP: 14/14 MP: 4/4
   200 | D:1      | Reached XP level 2. HP: 20/20 MP: 0/6
   259 | D:1      | Learned a level 2 spell: Call Imp
   716 | D:1      | Reached XP level 3. HP: 26/26 MP: 3/7
  1490 | D:1      | Learned a level 2 spell: Blink
  1522 | D:2      | Noticed Sigmund
  1565 | D:2      | Noticed Terence
  1807 | D:2      | Noticed Robin
  1831 | D:2      | Killed Robin
  1850 | D:2      | Reached XP level 4. HP: 12/34 MP: 0/8
  1948 | D:2      | Learned a level 3 spell: Mephitic Cloud
  2020 | D:2      | Reached skill level 1 in Fighting
  2434 | D:2      | Killed Sigmund
  2435 | D:2      | Reached XP level 5. HP: 31/44 MP: 3/9
  2435 | D:2      | Reached XP level 6. HP: 35/50 MP: 3/10
  2569 | D:2      | Killed Terence
  2818 | D:3      | Learned a level 3 spell: Swiftness
  2915 | D:3      | Reached skill level 1 in Air Magic
  2970 | D:3      | Found Raewk's Antique Weapon Shop.
  3364 | D:3      | Found Wolisch's Book Boutique.
  3586 | D:3      | Found a transporter.
  3641 | D:3      | Noticed ionbeam3's ghost (amateur HOCA)
  3642 | D:3      | Found a transporter.
  3735 | D:3      | Found Icly's Magic Scroll Emporium.
  3738 | D:3      | Bought a scroll of teleportation for 42 gold pieces
  3738 | D:3      | Bought a scroll of teleportation for 42 gold pieces
  3738 | D:3      | Bought a scroll of teleportation for 42 gold pieces
  3842 | D:4      | Found Diarihaa's Overcharged Wands.
  4040 | D:4      | Your scales start taking on a pale cyan-grey colour.
  4040 | D:4      | Reached XP level 7. HP: 50/58 MP: 7/11
  4040 | D:4      | Gained mutation: You are immune to the effects of steam.
                  | [Pale Draconian growth]
  4141 | D:4      | Found a shimmering altar of Xom.
  4391 | D:4      | Found a bloodstained altar of Trog.
  4640 | D:5      | Entered Level 5 of the Dungeon
  4784 | D:5      | Learned a level 1 spell: Shock
  4963 | D:5      | Reached skill level 1 in Short Blades
  4967 | D:5      | Reached skill level 5 in Fighting
  5041 | D:5      | Found a staircase to the Ecumenical Temple.
  5047 | Temple   | Entered the Ecumenical Temple
  5494 | D:6      | Noticed a gargoyle
  5578 | D:6      | Reached XP level 8. HP: 68/68 MP: 12/12
  5769 | D:6      | Found a radiant altar of Vehumet.
  5769 | D:6      | Noticed a troll
  5778 | D:6      | Killed a troll
  5794 | D:6      | Reached skill level 5 in Air Magic
  5842 | D:6      | Became a worshipper of Vehumet
  5986 | D:6      | Found a white marble altar of Elyvilon.
  5986 | D:6      | Found a glowing silver altar of Zin.
  5986 | D:6      | Found a glowing golden altar of the Shining One.
  6106 | D:7      | Found a flagged portal.
  6125 | Bailey   | Entered a bailey
  6151 | Bailey   | Reached skill level 5 in Dodging
  6231 | Bailey   | Reached XP level 9. HP: 65/74 MP: 2/13
  6347 | Bailey   | Noticed a two-headed ogre
  6356 | Bailey   | Killed a two-headed ogre
  6357 | Bailey   | Reached skill level 5 in Short Blades
  6761 | D:7      | Found an ancient bone altar of Kikubaaqudgha.
  7212 | D:7      | Reached skill level 1 in Long Blades
  7304 | D:7      | Reached XP level 10. HP: 81/81 MP: 14/14
  7321 | D:7      | Reached * piety under Vehumet
  7321 | D:7      | Offered knowledge of Freeze by Vehumet.
  7552 | D:7      | Reached skill level 2 in Long Blades
  7977 | D:7      | Learned a level 4 spell: Airstrike
  8166 | D:8      | Found a broken altar of Ashenzari.
  8166 | D:8      | Found a stormy altar of Qazlal.
  8203 | D:8      | Noticed a boulder beetle
  8270 | D:8      | Killed a boulder beetle
  8271 | D:8      | Reached skill level 3 in Long Blades
  8615 | D:8      | Found a shimmering blue altar of Sif Muna.
  8615 | D:8      | Found a blossoming altar of Fedhas.
  8694 | D:8      | Reached skill level 4 in Long Blades
  8699 | D:8      | Reached ** piety under Vehumet
  8699 | D:8      | Offered knowledge of Foxfire by Vehumet.
  9069 | D:8      | Found an ornate altar of the Wu Jian Council.
  9205 | D:9      | Found a sacrificial altar of Ru.
  9267 | D:9      | Reached skill level 5 in Spellcasting
  9402 | D:9      | Noticed Maurice
  9407 | D:9      | Killed Maurice
  9637 | D:9      | Reached skill level 5 in Long Blades
  9704 | D:9      | Noticed Harold
  9708 | D:9      | Killed Harold
  9709 | D:9      | Reached XP level 11. HP: 91/91 MP: 5/18
  9734 | D:9      | Noticed Amaemon
  9745 | D:9      | Killed Amaemon
  9761 | D:9      | Offered knowledge of Inner Flame by Vehumet.
 10375 | D:10     | Entered Level 10 of the Dungeon
 10428 | D:10     | Noticed a centaur warrior
 10429 | D:10     | Noticed a seven-headed hydra
 10522 | D:10     | Noticed a two-headed ogre
 10540 | D:10     | Killed a two-headed ogre
 10540 | D:10     | Reached *** piety under Vehumet
 10541 | D:10     | Reached skill level 6 in Long Blades
 10788 | D:10     | You fall into a shaft and drop 1 floor!
 10852 | D:11     | Reached skill level 5 in Stealth
 11174 | D:11     | Noticed a two-headed ogre
 11185 | D:11     | Killed a two-headed ogre
 11465 | D:10     | Noticed a two-headed ogre
 11476 | D:10     | Killed a two-headed ogre
 11579 | D:10     | Killed a centaur warrior
 11580 | D:10     | Reached skill level 7 in Long Blades
 11621 | D:10     | HP: 2/94 [cyclops (21)]
 11896 | D:10     | Identified the +0 dire flail "Verph" {venom, SInv}
 12165 | D:11     | Found a staircase to the Lair.
 12165 | D:11     | Noticed a boulder beetle
 12185 | D:11     | Killed a boulder beetle
 12372 | Lair:1   | Entered Level 1 of the Lair of Beasts
 12676 | Lair:1   | Offered knowledge of Hailstorm by Vehumet.
 12689 | Lair:1   | Reached skill level 8 in Long Blades
 12689 | Lair:1   | Reached XP level 12. HP: 37/104 MP: 19/19
 12873 | Lair:1   | Learned a level 3 spell: Hailstorm
 14166 | Lair:2   | Found a staircase to the Swamp.
 14440 | Lair:2   | Identified a scroll of acquirement
 14442 | Lair:2   | Acquired the amulet "Tob Kiqa" {rN+ Regen+}
 14501 | Lair:2   | Reached **** piety under Vehumet
 14507 | Lair:2   | Reached skill level 10 in Fighting
 14521 | Lair:2   | Offered knowledge of Fireball by Vehumet.
 14522 | Lair:2   | Reached skill level 9 in Long Blades
 14536 | Lair:2   | Learned a level 5 spell: Fireball
 14614 | Lair:2   | Reached skill level 1 in Fire Magic
 15365 | Lair:3   | Noticed a boulder beetle
 15524 | Lair:3   | Found a staircase to the Snake Pit.
 15949 | Lair:3   | Reached XP level 13. HP: 110/112 MP: 22/22
 16048 | Lair:3   | Reached ***** piety under Vehumet
 16049 | Lair:3   | Reached skill level 5 in Conjurations
 16220 | Lair:3   | Offered knowledge of Iron Shot by Vehumet.
 16221 | Lair:3   | Reached skill level 10 in Long Blades
 16819 | Lair:3   | Reached skill level 10 in Dodging
 17062 | Lair:3   | Reached skill level 5 in Fire Magic
 17738 | Lair:3   | Reached skill level 11 in Long Blades
 18154 | Lair:4   | Found a runed translucent door.
 18306 | Lair:4   | Reached XP level 14. HP: 124/124 MP: 3/23
 18520 | Lair:4   | Noticed Fifowuza's ghost (journeyman DrTm)
 18832 | Lair:5   | Entered Level 5 of the Lair of Beasts
 18949 | Lair:5   | Offered knowledge of Arcjolt by Vehumet.
 18964 | Lair:5   | Noticed Rupert
 19346 | Lair:5   | Reached skill level 12 in Long Blades
 19401 | Lair:5   | Found a staircase to the Slime Pits.
 19404 | Lair:5   | Found a viscous altar of Jiyva.
 19430 | Lair:5   | Learned a level 5 spell: Arcjolt
 19542 | Lair:5   | Noticed Sonja
 19547 | Lair:5   | Killed Sonja
 19977 | Lair:5   | Reached skill level 10 in Air Magic
 20092 | Lair:5   | Paralysed by Rupert for 3 turns
 20647 | Lair:5   | Offered knowledge of Starburst by Vehumet.
 20956 | Lair:5   | Killed Rupert
 20957 | Lair:5   | Reached skill level 13 in Long Blades
 21227 | D:6      | Identified the +4 whip of Blood {venom, Will+}
 21651 | D:6      | Found a burning altar of Makhleb.
 21651 | D:6      | Found a sparkling altar of Nemelex Xobeh.
 22038 | D:11     | Noticed Nergalle
 22046 | D:11     | Killed Nergalle
 22451 | D:12     | Reached XP level 15. HP: 33/129 MP: 18/26
 22862 | D:12     | Found a staircase to the Orcish Mines.
 23529 | D:13     | Identified the +3 long sword of Intuition {freeze, rPois
                  | Dex+4}
 24117 | D:13     | Noticed Kirke
 24120 | D:13     | Noticed a sphinx
 24125 | D:13     | Killed Kirke
 24521 | D:13     | Noticed Nessos
 24538 | D:13     | Killed Nessos
 24935 | D:14     | Reached skill level 14 in Long Blades
 24942 | D:14     | Found a gate to the Vaults.
 25183 | D:14     | Found a gate leading to a gauntlet.
 25187 | Gauntlet | Entered a Gauntlet
 25187 | Gauntlet | Found a transporter.
 25194 | Gauntlet | Found a transporter.
 25197 | Gauntlet | Found a transporter.
 25198 | Gauntlet | Found a transporter.
 25206 | Gauntlet | Found a transporter.
 25209 | Gauntlet | Found a transporter.
 25210 | Gauntlet | Found a transporter.
 25222 | Gauntlet | Found a transporter.
 25288 | Gauntlet | Offered knowledge of Freezing Cloud by Vehumet.
 25305 | Gauntlet | Learned a level 5 spell: Freezing Cloud
 25328 | Gauntlet | Found a transporter.
 25328 | Gauntlet | Found a transporter.
 25377 | Gauntlet | Found a transporter.
 25377 | Gauntlet | Found a transporter.
 25377 | Gauntlet | Found a transporter.
 25411 | Gauntlet | Found a runed translucent door.
 25411 | Gauntlet | Found a runed translucent door.
 25418 | Gauntlet | Found a transporter.
 25494 | Gauntlet | Reached XP level 16. HP: 137/137 MP: 29/29
 25495 | Gauntlet | Reached skill level 5 in Ice Magic
 25495 | Gauntlet | Reached XP level 17. HP: 144/144 MP: 30/30
 25506 | Gauntlet | Found the +6 arbalest "Damnation" {damnation}
 25506 | Gauntlet | Identified the ring "Plog" {rC+ MP+9 Dex+2}
 25521 | Gauntlet | Got the Exposition on Bolts
 25919 | D:14     | Found a runed translucent gate.
 25919 | D:14     | Found a runed translucent gate.
 25919 | D:14     | Found a runed translucent gate.
 25923 | D:14     | Noticed alvan145's ghost (journeyman HOFi)
 26319 | D:15     | Entered Level 15 of the Dungeon
 26469 | D:15     | Found a burning altar of Makhleb.
 26577 | D:15     | Found a frozen archway.
 26583 | IceCv    | Entered an ice cave
 26752 | IceCv    | Identified the staff of cold "Muntuy" {rElec rPois rF+ rC+
                  | rN++ Will-}
 26860 | IceCv    | Reached skill level 10 in Spellcasting
 27274 | IceCv    | Reached XP level 18. HP: 151/151 MP: 12/32
 27471 | IceCv    | Identified the amulet "Teotul" {Spirit +Inv}
 27492 | IceCv    | Reached skill level 15 in Long Blades
 28043 | D:15     | Found a staircase to the Depths.
 28800 | Snake:1  | Entered Level 1 of the Snake Pit
 29142 | D:3      | Bought a scroll of enchant weapon for 105 gold pieces
 29142 | D:3      | Bought a scroll of acquirement for 728 gold pieces
 29143 | D:3      | Acquired the ring of Vuumi {Drain rPois SInv Stlth+}
 29412 | Snake:1  | Reached ****** piety under Vehumet
 30194 | Snake:2  | Offered knowledge of Spellforged Servitor by Vehumet.
 30267 | Snake:2  | Learned a level 1 spell: Apportation
 30743 | Snake:2  | Noticed Agnes
 30751 | Snake:2  | Killed Agnes
 30994 | Snake:2  | Got Utoimant's Precepts of the Overhead Throng
 31564 | Snake:3  | Reached skill level 16 in Long Blades
 32013 | Snake:3  | Learned a level 6 spell: Conjure Ball Lightning
 32433 | Snake:4  | Entered Level 4 of the Snake Pit
 32858 | Snake:4  | Slain by a nagaraja

Illustrated notes

Levels and vault maps discovered:
D:1:      scummos_arrival_forest, layout_loops_ring, serial_bayou,
          serial_bayou_pond_e, serial_bayou_shore_b, serial_bayou_lagoon_a,
          serial_bayou_pond_a, serial_bayou_ford_a, serial_bayou_shore_a
D:2:      layout_rooms, uniq_sigmund, uniq_terence, uniq_robin
D:3:      layout_loops_corners, gammafunk_ghost_mausoleum, serial_shops,
          nicolae_shop_tiny_real_fake_doors, nicolae_shop_rolled_up, shop,
          minivault_24, cheibrodos_gnoll_hut
D:4:      layout_basic, mainiacjoe_overflow_brackets, lemuel_tele_altar,
          serial_bayou_pond_d, nicolae_shop_overcharged_wands
D:5:      layout_basic, temple_statues, supply_closet_lemuel,
          minmay_misc_feat_alley, minivault_27, minmay_misc_feat_four_crosses,
          kennysheep_generic_room_4
D:6:      layout_loops_ring, dreamdust_divine_triumvirate,
          nicolae_overflow_two_pavilions, vehumet_statue, grunt_ministairs_7,
          corexii_item_surrounded_by_moat, minmay_microvault
D:7:      layout_gridville, old_standard_altar, enter_bailey_5, serial_undead,
          serial_undead_a, serial_undead_f, serial_undead_a, serial_undead_e
D:8:      layout_basic, mainiacjoe_overflow_concentric_impassable,
          gammafunk_temple_overflow_pools, jmf_multi_god_temple
D:9:      layout_basic, nicolae_ru_great_annihilating_truth,
          grunt_ministairs_14, chequers_avenue, minmay_misc_feat_roman,
          worms_lemuel, uniq_maurice, uniq_amaemon, uniq_harold
D:10:     layout_irregular_city, minmay_radiant
D:11:     layout_roguey, lair_entry_dummy, serial_rivers,
          chequers_serial_rivers_large_a, chequers_serial_rivers_room_b,
          chequers_serial_rivers_micro_e, chequers_serial_rivers_marsh,
          chequers_serial_rivers_small_3, uniq_nergalle
D:12:     layout_gridville, erik_orc_3, einodemon_barbed_minivault
D:13:     minmay_the_grid_3x2 [minmay_the_grid_mess, minmay_the_grid_dragon_b,
          minmay_the_grid_spikes, minmay_the_grid_outer_circle,
          minmay_the_grid_paths, minmay_the_grid_prize_four_corners_diamond_b],
          layout_stronghold, uniq_kirke, uniq_nessos
D:14:     layout_irregular_city, david_vaults_4, gammafunk_ghost_hydra_chop,
          gauntlet_entry_generic, dreamdust_mushroom_princess
D:15:     gammafunk_depths_entry_grave, layout_loops_ring,
          portal_ice_cave_entry_pillars_four, bloody_makhleb,
          minmay_misc_feat_ornament
Temple:   nicolae_temple_little_seven
Lair:1:   layout_hall_layers, minivault_24
Lair:2:   layout_gridlike, minmay_swamp_entry_reptiles
Lair:3:   layout_hall_layers, minmay_snake_entry_six_corridors, nzn_random_ring
Lair:4:   layout_gridlike, ebering_ghost_inner_flame
Lair:5:   minmay_lair_end_frog_pond, layout_gridlike, dpeg_slime_entry_corner,
          small_statue_intersection, kennysheep_abandoned_house, uniq_sonja,
          uniq_rupert
Snake:1:  layout_honeycomb
Snake:2:  layout_honeycomb, st_stairs_1, uniq_agnes
Snake:3:  layout_grid_shapes, nicolae_snake_gridmaze_entwining,
          grunt_megastairs_5, lemuel_fruit_tree
Snake:4:  snake_pit_salamanders_mu, layout_layer_cave, minmay_shoptagon

Skill      XL: |  1  2  3  4  5  6  7  8  9 10 11 12 13 14 15 16 17 18 |
---------------+-------------------------------------------------------+-----
Conjurations   | 2 3 4 5 |  5.7
Dodging        | 2 3 4 5 7 8 9 11 12 13 14 | 14.6
Fighting       | 2 3 5 6 9 10 11 12 | 12.3
Air Magic      | 2 4 6 8 10 11 | 11.8
Stealth        | 2 3 7 |  7.0
Short Blades   | 1 4 6 |  6.3
Long Blades    | 1 5 8 9 11 13 14 16 | 16.2
Spellcasting   | 5 6 7 9 10 | 10.0
Fire Magic     | 3 6 |  6.2
Ice Magic      | 5 |  5.2
Translocations | 4 |  4.0
Summonings     | |  1.0

Action                     |  1- 3 |  4- 6 |  7- 9 | 10-12 | 13-15 | 16-18 || total
---------------------------+-------+-------+-------+-------+-------+-------++-------
  Melee: Dagger            |    59 |   109 |   195 |       |     2 |       ||   365
         Tailslap          |    10 |    18 |    45 |    95 |   207 |    84 ||   459
         Punch             |       |       |     5 |       |       |       ||     5
         Scimitar          |       |       |    27 |    18 |       |       ||    45
         Great sword       |       |       |       |   536 |  1001 |   124 ||  1661
         Triple sword      |       |       |       |       |       |   224 ||   224
   Fire: Arbalest          |       |       |       |       |       |     3 ||     3
   Cast: Magic Dart        |    82 |     9 |     2 |       |       |       ||    93
         Call Imp          |     1 |     1 |     9 |     1 |     1 |     3 ||    16
         Mephitic Cloud    |       |    12 |     8 |     6 |     2 |       ||    28
         Shock             |       |       |    55 |     9 |     5 |       ||    69
         Airstrike         |       |       |       |    67 |   132 |    56 ||   255
         Blink             |       |       |       |     2 |     9 |     1 ||    12
         Swiftness         |       |       |       |     1 |       |       ||     1
         Hailstorm         |       |       |       |     3 |       |       ||     3
         Fireball          |       |       |       |       |    18 |    45 ||    63
         Arcjolt           |       |       |       |       |     4 |       ||     4
         Freezing Cloud    |       |       |       |       |     1 |    51 ||    52
         Conjure Ball Ligh |       |       |       |       |       |     8 ||     8
Ability: Breathe Steam     |       |       |     2 |     1 |     3 |       ||     6
  Evoke: Wand              |       |       |    11 |     3 |     9 |     5 ||    28
         Phantom mirror    |       |       |       |       |     1 |       ||     1
    Use: Scroll            |       |     6 |    11 |    23 |    13 |     9 ||    62
         Potion            |       |       |     4 |    11 |    11 |    10 ||    36
   Stab: Sleeping          |     2 |     2 |     2 |     6 |    15 |    10 ||    37
         Confused          |       |    10 |     6 |     3 |     2 |       ||    21
         Paralysed         |       |       |       |     1 |       |       ||     1
         Distracted        |       |       |       |       |     1 |       ||     1
         Invisible         |       |       |       |       |       |     1 ||     1
 Armour: Skin              |    17 |    25 |    32 |   173 |   387 |   113 ||   747
  Dodge: Dodged            |    55 |    73 |   197 |   680 |  1221 |   347 ||  2573
